| TOP OF THE 1ST |
|---|
| South Carolina Gamecocks batting - Pitching for Mississippi State Bulldogs : RHP Chris Nutter | | Pitching: RHP Chris Nutter | | | Batting: RHB Alfonso Coronado | 0-0: Bunted foul 0-1: Ground out 3-1 (Groundball, 34) | | Batting: SHB Mike Walsh | 0-0: Foul Ball, location: 2F 0-1: Ground out 6-3 (Groundball, 6M) | | Batting: LHB Sean Bassler | 0-0: Ball 1-0: Ball 2-0: Ball 3-0: Called Strike 3-1: Hit by Pitch | | Batting: LHB Jake Rieger | 0-0: Called Strike 0-1: Foul Ball, location: 2F 0-2: Foul Ball, location: 2F 0-2: Foul Ball, location: 2F 0-2: Foul Ball, location: 2F 0-2: Ball 1-2: Foul Ball, location: 2F 1-2: Strikes out swinging | | Top of the 1st over - 0 runs, 0 hits, 0 errors, 1 left on base; South Carolina 0 - Mississippi State 0 | | BOTTOM OF THE 1ST |
|---|
| Mississippi State Bulldogs batting - Pitching for South Carolina Gamecocks : RHP Steve Baron | | Pitching: RHP Steve Baron | | | Batting: RHB Mike Sizemore | 0-0: Called Strike 0-1: Ground out 6-3 (Groundball, 6M) | | Batting: LHB Jeremy Cook | 0-0: Ball 1-0: DOUBLE (Line Drive, 7LM) | | Batting: RHB Tim Flynn | 0-0: Ball 1-0: Ball 2-0: Called Strike 2-1: Ball 3-1: Foul Ball, location: 2F 3-2: Fly out, F9 (Line Drive, 9) | | Batting: LHB Ron Callaway | 0-0: Ball 1-0: Ball 2-0: Ball 3-0: Base on Balls | | Batting: LHB Warren Jacobus | 0-0: Called Strike 0-1: Foul Ball, location: 2F 0-2: Strikes out looking | | Bottom of the 1st over - 0 runs, 1 hit, 0 errors, 2 left on base; South Carolina 0 - Mississippi State 0 | | TOP OF THE 2ND |
|---|
| South Carolina Gamecocks batting - Pitching for Mississippi State Bulldogs : RHP Chris Nutter | | Batting: LHB Josh Jones | 0-0: Called Strike 0-1: Ball 1-1: Ball 2-1: Ball 3-1: Foul Ball, location: 2F 3-2: Strikes out looking | | Batting: RHB Jon Baldwin | 0-0: Ball 1-0: DOUBLE (Flyball, 8LXD) | | Batting: RHB Corey LaPlante | 0-0: Ball 1-0: Called Strike 1-1: Ball 2-1: Foul Ball, location: 2F 2-2: Fly out, F8 (Flyball, 8RD) | | Batting: SHB Frank Wright | 0-0: Ground out 6-3 (Groundball, 6) | | Top of the 2nd over - 0 runs, 1 hit, 0 errors, 1 left on base; South Carolina 0 - Mississippi State 0 | | BOTTOM OF THE 2ND |
|---|
| Mississippi State Bulldogs batting - Pitching for South Carolina Gamecocks : RHP Steve Baron | | Batting: LHB Scott Slavik | 0-0: Called Strike 0-1: Ball 1-1: Ground out 4-3 (Groundball, 4) | | Batting: RHB Jared French | 0-0: Ball 1-0: SINGLE (Line Drive, 6MD) | | Batting: SHB Sean Sanders | 0-0: Called Strike 0-1: Ball 1-1: Ball 2-1: Called Strike 2-2: Grounds into double play, 4-6-3 (Groundball, 4) | | Bottom of the 2nd over - 0 runs, 1 hit, 0 errors, 0 left on base; South Carolina 0 - Mississippi State 0 | | TOP OF THE 3RD |
|---|
| South Carolina Gamecocks batting - Pitching for Mississippi State Bulldogs : RHP Chris Nutter | | Batting: RHB John Anderson | 0-0: Ball 1-0: Ball 2-0: Foul Ball, location: 2F 2-1: Called Strike 2-2: Ball 3-2: Base on Balls | | Batting: RHB Alfonso Coronado | 0-0: Ball 1-0: Swinging Strike 1-1: Foul Ball, location: 2F 1-2: Ball 2-2: Foul Ball, location: 2F 2-2: Foul Ball, location: 2F 2-2: Foul Ball, location: 2F 2-2: Strikes out looking | | Batting: SHB Mike Walsh | 0-0: Called Strike 0-1: Ball 1-1: Ground out U3 (Groundball, 3L) John Anderson to second | | Batting: LHB Sean Bassler | 0-0: Ball 1-0: Ball 2-0: Ball 3-0: Called Strike 3-1: Called Strike 3-2: Base on Balls | | Batting: LHB Jake Rieger | 0-0: Swinging Strike 0-1: Swinging Strike 0-2: Foul Ball, location: 2F 0-2: Ball 1-2: Fly out, F8 (Flyball, 8RD) | | Top of the 3rd over - 0 runs, 0 hits, 0 errors, 2 left on base; South Carolina 0 - Mississippi State 0 | | BOTTOM OF THE 3RD |
|---|
| Mississippi State Bulldogs batting - Pitching for South Carolina Gamecocks : RHP Steve Baron | | Batting: RHB Phil Neaves | 0-0: Foul Ball, location: 2F 0-1: SINGLE (Flyball, 89S) | | Batting: RHB Mike Sizemore | Pickoff Throw to First - Out! 0-0: Ball 1-0: Called Strike 1-1: Ball 2-1: Ball 3-1: Foul Ball, location: 2F 3-2: SINGLE (Groundball, 6MD) | | Batting: LHB Jeremy Cook | 0-0: Called Strike 0-1: Swinging Strike 0-2: Ball 1-2: Strikes out swinging | | Batting: RHB Tim Flynn | 0-0: Foul Ball, location: 2F 0-1: Called Strike 0-2: Strikes out looking | | Bottom of the 3rd over - 0 runs, 2 hits, 0 errors, 1 left on base; South Carolina 0 - Mississippi State 0 | | TOP OF THE 4TH |
|---|
| South Carolina Gamecocks batting - Pitching for Mississippi State Bulldogs : RHP Chris Nutter | | Batting: LHB Josh Jones | 0-0: Ball 1-0: Fly out, F9 (Line Drive, 9) | | Batting: RHB Jon Baldwin | 0-0: Ball 1-0: Called Strike 1-1: Ball 2-1: Fly out, F7 (Flyball, 78D) | | Batting: RHB Corey LaPlante | 0-0: Ball 1-0: Foul Ball, location: 2F 1-1: Foul Ball, location: 2F 1-2: Strikes out swinging | | Top of the 4th over - 0 runs, 0 hits, 0 errors, 0 left on base; South Carolina 0 - Mississippi State 0 | | BOTTOM OF THE 4TH |
|---|
| Mississippi State Bulldogs batting - Pitching for South Carolina Gamecocks : RHP Steve Baron | | Batting: LHB Ron Callaway | 0-0: Fly out, F5 (Popup, 5S) | | Batting: LHB Warren Jacobus | 0-0: Ball 1-0: Ground out 4-3 (Groundball, 34) | | Batting: LHB Scott Slavik | 0-0: Called Strike 0-1: Ball 1-1: SOLO HOME RUN (Flyball, 7LD), Distance : 344 ft | | Batting: RHB Jared French | 0-0: Ball 1-0: DOUBLE (Line Drive, 78D) | | Batting: SHB Sean Sanders | 0-0: DOUBLE (Line Drive, 89D) Jared French scores | | Batting: RHB Phil Neaves | 0-0: Ball 1-0: SINGLE (Line Drive, 78M) Sean Sanders to third Runner from 3rd tries for Home, SAFE, no throw | | Batting: RHB Mike Sizemore | 0-0: SINGLE (Groundball, 6MD) Phil Neaves to second | | Batting: LHB Jeremy Cook | 0-0: Called Strike 0-1: Ball 1-1: Ball 2-1: Foul Ball, location: 2F 2-2: Ball 3-2: Ground out 4-3 (Groundball, 4M) | | Bottom of the 4th over - 3 runs, 5 hits, 0 errors, 2 left on base; South Carolina 0 - Mississippi State 3 | | TOP OF THE 5TH |
|---|
| South Carolina Gamecocks batting - Pitching for Mississippi State Bulldogs : RHP Chris Nutter | | Batting: SHB Frank Wright | 0-0: Called Strike 0-1: Foul Ball, location: 2F 0-2: Strikes out looking | | Batting: RHB John Anderson | 0-0: Foul Ball, location: 2F 0-1: SINGLE (Flyball, 78S) | | Batting: RHB Alfonso Coronado | 0-0: SINGLE (Line Drive, 4D) John Anderson to second | | Batting: SHB Mike Walsh | 0-0: Called Strike 0-1: Foul Ball, location: 2F 0-2: Ball 1-2: Ball 2-2: Grounds into double play, 4-6-3 (Groundball, 4) | | Top of the 5th over - 0 runs, 2 hits, 0 errors, 1 left on base; South Carolina 0 - Mississippi State 3 | | BOTTOM OF THE 5TH |
|---|
| Mississippi State Bulldogs batting - Pitching for South Carolina Gamecocks : RHP Steve Baron | | Batting: RHB Tim Flynn | 0-0: Ball 1-0: Ball 2-0: Foul Ball, location: 2F 2-1: Reached on error, E5 (Groundball, 56) | | Batting: LHB Ron Callaway | 0-0: Called Strike 0-1: Ball 1-1: Ball Wild Pitch! Tim Flynn to second 2-1: Fly out, F5 (Popup, 5F) | | Batting: LHB Warren Jacobus | 0-0: Called Strike 0-1: Fly out, F7 (Flyball, 7D) Runner from 2nd tags up, SAFE at 3rd, no throw | | Batting: LHB Scott Slavik | 0-0: Ball 1-0: Called Strike 1-1: Reached on error, E3 (Groundball, 3) Tim Flynn scores | | Batting: RHB Jared French | 0-0: Fly out, F7 (Flyball, 7) | | Bottom of the 5th over - 1 run, 0 hits, 2 errors, 1 left on base; South Carolina 0 - Mississippi State 4 | | TOP OF THE 6TH |
|---|
| South Carolina Gamecocks batting - Pitching for Mississippi State Bulldogs : RHP Chris Nutter | | Batting: LHB Sean Bassler | 0-0: Ball 1-0: Foul Ball, location: 2F 1-1: SINGLE (Line Drive, 89M) | | Batting: LHB Jake Rieger | 0-0: Ball 1-0: Foul Ball, location: 2F 1-1: Foul Ball, location: 2F 1-2: Ground out 5-3 (Groundball, 2L) Sean Bassler to second | | Batting: LHB Josh Jones | 0-0: Called Strike 0-1: Foul Ball, location: 2F 0-2: Ground out U3 (Groundball, 3) Sean Bassler to third | | Batting: RHB Jon Baldwin | 0-0: Ball 1-0: Ball 2-0: Called Strike 2-1: Ball 3-1: Base on Balls | | Batting: RHB Corey LaPlante | 0-0: Called Strike 0-1: Ball 1-1: Ball 2-1: Swinging Strike 2-2: Ground out U3 (Groundball, 34) | | Top of the 6th over - 0 runs, 1 hit, 0 errors, 2 left on base; South Carolina 0 - Mississippi State 4 | | BOTTOM OF THE 6TH |
|---|
| Mississippi State Bulldogs batting - Pitching for South Carolina Gamecocks : RHP Steve Baron | | Batting: SHB Sean Sanders | 0-0: Foul Ball, location: 2F 0-1: Called Strike 0-2: Foul Ball, location: 2F 0-2: Ball 1-2: Ball 2-2: Foul Ball, location: 2F 2-2: Foul Ball, location: 2F 2-2: Strikes out looking | | Batting: RHB Phil Neaves | 0-0: Foul Ball, location: 2F 0-1: Swinging Strike 0-2: Ball 1-2: Strikes out swinging | | Batting: RHB Mike Sizemore | 0-0: Ball 1-0: Foul Ball, location: 2F 1-1: DOUBLE (Line Drive, 7LD) | | Batting: LHB Jeremy Cook | 0-0: Ball 1-0: Ball 2-0: Ball 3-0: Called Strike 3-1: Called Strike 3-2: SINGLE (Groundball, 15S) (infield hit) Mike Sizemore to third | | Pitching: LHP Michael Aldrich | | | Batting: RHB Tim Flynn | 0-0: Ball 1-0: Ball 2-0: TRIPLE (Flyball, 89XD) Mike Sizemore scores Jeremy Cook scores | | Batting: LHB Ron Callaway | 0-0: SINGLE (Line Drive, 56D) Tim Flynn scores | | Batting: LHB Warren Jacobus | 0-0: Called Strike 0-1: Ball 1-1: Swinging Strike 1-2: Ball 2-2: Strikes out swinging | | Bottom of the 6th over - 3 runs, 4 hits, 0 errors, 1 left on base; South Carolina 0 - Mississippi State 7 | | TOP OF THE 7TH |
|---|
| South Carolina Gamecocks batting - Pitching for Mississippi State Bulldogs : RHP Chris Nutter | | Batting: SHB Frank Wright | 0-0: Ball 1-0: Ball 2-0: Ball 3-0: Base on Balls | | Batting: RHB John Anderson | 0-0: Called Strike 0-1: SINGLE (Flyball, 34D) Frank Wright to second Runner from 2nd tries for 3rd, SAFE, no throw | | Batting: RHB Alfonso Coronado | 0-0: Ball 1-0: Ball 2-0: Fly out, F9 (Flyball, 89M) Runner from 3rd tags up, SCORES, throw made | | Batting: SHB Mike Walsh | 0-0: SINGLE (Line Drive, 6M) John Anderson to second Runner from 2nd tries for 3rd, SAFE, no throw | | Batting: LHB Sean Bassler | 0-0: Called Strike 0-1: Ball 1-1: Ball 2-1: Fly out, F5 (Popup, 25F) | | Batting: LHB Jake Rieger | 0-0: Called Strike 0-1: DOUBLE (Line Drive, 89D) John Anderson scores Mike Walsh to third Runner from 3rd tries for Home, SAFE, no throw | | Batting: LHB Josh Jones | 0-0: Ball 1-0: Ground out 4-3 (Groundball, 4) | | Top of the 7th over - 3 runs, 3 hits, 0 errors, 1 left on base; South Carolina 3 - Mississippi State 7 | | BOTTOM OF THE 7TH |
|---|
| Mississippi State Bulldogs batting - Pitching for South Carolina Gamecocks : LHP Michael Aldrich | | Batting: LHB Scott Slavik | 0-0: Ball 1-0: Ball 2-0: SINGLE (Line Drive, 56D) | | Batting: RHB Jared French | 0-0: Bunted foul 0-1: Sac Bunt - play at first, batter OUT! 3-4 Scott Slavik to second | | Batting: SHB Sean Sanders | 0-0: Called Strike 0-1: Foul Ball, location: 2F 0-2: Ball 1-2: Ground out 5-3 (Groundball, 5S) Scott Slavik to third | | Batting: RHB Phil Neaves | 0-0: SINGLE (Line Drive, 3D) Scott Slavik scores | | Batting: RHB Mike Sizemore | 0-0: DOUBLE (Flyball, 8LXD) Phil Neaves to third Runner from 3rd tries for Home, SAFE, no throw | | Batting: LHB Jeremy Cook | 0-0: Ball 1-0: Ball 2-0: Foul Ball, location: 2F 2-1: Foul Ball, location: 2F 2-2: Ball 3-2: Ground out 5-3 (Groundball, 5) | | Bottom of the 7th over - 2 runs, 3 hits, 0 errors, 1 left on base; South Carolina 3 - Mississippi State 9 | | TOP OF THE 8TH |
|---|
| South Carolina Gamecocks batting - Pitching for Mississippi State Bulldogs : RHP Chris Nutter | | Batting: RHB Jon Baldwin | 0-0: Called Strike 0-1: Foul Ball, location: 2F 0-2: Foul Ball, location: 2F 0-2: Hit by Pitch | | Pitching: RHP Stuart Campisano | | | Batting: RHB Corey LaPlante | 0-0: Ball 1-0: Ball 2-0: Foul Ball, location: 2F 2-1: Ball 3-1: Foul Ball, location: 2F 3-2: Base on Balls Jon Baldwin to second | | Batting: SHB Frank Wright | 0-0: Ball 1-0: Called Strike 1-1: Fly out, F9 (Flyball, 9LS) | | Batting: RHB John Anderson | 0-0: Foul Ball, location: 2F 0-1: Ball 1-1: Foul Ball, location: 2F 1-2: Foul Ball, location: 2F 1-2: Strikes out swinging | | Batting: RHB Alfonso Coronado | 0-0: Ball 1-0: Foul Ball, location: 2F 1-1: Ball 2-1: Ball 3-1: SINGLE (Groundball, 4M) (infield hit) Jon Baldwin to third Corey LaPlante to second | | Batting: SHB Mike Walsh | 0-0: Called Strike 0-1: Foul Ball, location: 2F 0-2: Foul Ball, location: 2F 0-2: Ball 1-2: Strikes out swinging | | Top of the 8th over - 0 runs, 1 hit, 0 errors, 3 left on base; South Carolina 3 - Mississippi State 9 | | BOTTOM OF THE 8TH |
|---|
| Mississippi State Bulldogs batting - Pitching for South Carolina Gamecocks : LHP Michael Aldrich | | Batting: RHB Tim Flynn | 0-0: Fly out, F8 (Flyball, 8RD) | | Batting: LHB Ron Callaway | 0-0: Foul Ball, location: 2F 0-1: Ball 1-1: Ball 2-1: Reached on error, E3 (Line Drive, 3L) | | Batting: LHB Warren Jacobus | 0-0: Called Strike 0-1: Fly out, F7 (Flyball, 78S) | | Batting: LHB Scott Slavik | 0-0: Ball 1-0: Fielders Choice at 2nd, 6-4 (Groundball, 6) | | Bottom of the 8th over - 0 runs, 0 hits, 1 error, 1 left on base; South Carolina 3 - Mississippi State 9 | | TOP OF THE 9TH |
|---|
| South Carolina Gamecocks batting - Pitching for Mississippi State Bulldogs : RHP Stuart Campisano | | Now at 1B: Terry Drake | | | Now at 2B: Tony Dominguez | | | Now in LF: Norman Hudson | | | Batting: LHB Sean Bassler | 0-0: Called Strike 0-1: Called Strike 0-2: Fly out, F8 (Flyball, 8LM) | | Batting: LHB Jake Rieger | 0-0: Called Strike 0-1: Fly out, F9 (Flyball, 9S) | | Batting: LHB Josh Jones | 0-0: Called Strike 0-1: Ball 1-1: Called Strike 1-2: Ball 2-2: Ball 3-2: Foul Ball, location: 2F 3-2: Base on Balls | | Batting: RHB Jon Baldwin | 0-0: Ball 1-0: Ball Wild Pitch! Josh Jones to second 2-0: Ball 3-0: Base on Balls | | Batting: RHB Corey LaPlante | 0-0: Fly out, F8 (Flyball, 89D) | | Top of the 9th over - 0 runs, 0 hits, 0 errors, 2 left on base; South Carolina 3 - Mississippi State 9 | |